 Dungeon Crawl Stone Soup version bcrawl-1.38.3 (webtiles) character file.

Game seed: 3266222749080532217

278432 zoran the Covert (level 9, -3/55 HPs)
             Began as a Kobold Venom Mage on May 13, 2023.
             Was a Believer of Kikubaaqudgha.
             Shot with an arrow by a centaur (7 damage)
             ... on level 5 of the Dungeon.
             The game lasted 00:13:20 (4512 turns).

zoran the Covert (Kobold Venom Mage)                Turns: 4512, Time: 00:13:21

Health: -3/55      AC:  2    Str:  5    XL:     9   Next: 5%
Magic:  13/13      EV: 18    Int: 19    God:    Kikubaaqudgha [**....]
Gold:   329        SH:  0    Dex: 17    Spells: 8/14 levels left

rFire    + . .     GDR:     30% w - +0 hunting sling
rCold    . . .     SeeInvis .   (shield restricted)
rNeg     . . .     Gourm    .   B - +0 robe {RegenMP}
rPois    .         Faith    .   (no helmet)
rElec    .         Spirit   .   (no cloak)
rCorr    .         Reflect  .   (no gloves)
MR       .....                  (no boots)
Stlth    ++++......             k - amulet of magic regeneration
HPRegen  0.19/turn              y - +2 ring of evasion
MPRegen  0.46/turn              p - ring of protection from fire

@: no status effects
A: small, talons 1, carnivore, mutation resistance 1, sense surroundings 2
a: Receive Corpses, Renounce Religion


You were on level 5 of the Dungeon.
You worshipped Kikubaaqudgha.
Kikubaaqudgha was pleased with you.
You were full.

You visited 1 branch of the dungeon, and saw 5 of its levels.

You collected 329 gold pieces.

Inventory:

Hand Weapons
 f - a +0 morningstar of pain
 i - the +0 dagger of Insomnia {pain, +Blink rPois rC+ Int+3}
   (You took it off a kobold on level 4 of the Dungeon)

   In the hands of one skilled in necromantic magic, it inflicts extra damage on
   living creatures.
   It affects your intelligence (+3).
   It protects you from cold.
   It protects you from poison.
   It lets you blink.
 w - a +0 hunting sling (weapon)
 F - a +0 blowgun
 H - a +1 short sword of venom
Missiles
 C - 749 sling bullets (quivered)
 I - 169 poisoned needles
Armour
 r - a +0 leather armour
 B - a +0 robe of magic recovery (worn)
Jewellery
 k - an amulet of magic regeneration (around neck)
 p - a ring of protection from fire (right hand)
 y - a +2 ring of evasion (left hand)
Wands
 a - a wand of polymorph (6)
 h - a wand of acid (4)
 E - a wand of random effects (4)
 G - a wand of disintegration (13)
Scrolls
 g - a scroll of fog
 q - 4 scrolls of teleportation
 t - a scroll of immolation
 v - a scroll of enchant weapon
 x - a scroll of remove curse
 z - a scroll of magic mapping {unknown}
Potions
 b - a potion of flight {unknown}
 c - a potion of berserk rage
 d - a potion of agility
 j - a potion of heal wounds {unknown}
 l - a potion of resistance {unknown}
 m - a potion of might
 u - a potion of curing {unknown}
 A - 2 potions of mutation
Comestibles
 e - 10 rations {!d}


   Skills:
 + Level 2.6 Fighting
 + Level 1.4 Short Blades
   Level 1.4(1.9) Axes
 - Level 1.8(2.1) Maces & Flails
 + Level 2.0(3.4) Slings
 - Level 4.8(5.0) Throwing
 + Level 2.4 Armour
 + Level 3.3 Dodging
 + Level 8.6 Stealth
 - Level 3.0 Spellcasting
 - Level 1.0 Conjurations
 - Level 2.0 Necromancy
 - Level 1.2 Air Magic
 - Level 5.0 Poison Magic
 - Level 0.1 Evocations


You had 8 spell levels left.
You knew the following spells:

 Your Spells              Type           Power        Failure   Level  Hunger
q - Poisonous Vapours     Pois/Air       ##....       6%          2    #......
u - Necrotize             Necr           ##....       7%          1    None
w - Corpse Rot            Necr           N/A          10%         2    #......
z - Sting                 Conj/Pois      ##..         4%          1    None

Your spell library contained the following spells:

 Spells                   Type           Power        Failure   Level  Hunger
 Olgreb's Toxic Radiance  Pois           ###......    19%         4    #####..
 Ignite Poison            Fire/Tmut/Pois #.......     24%         3    ####...
 Regeneration             Chrm/Necr      #.........   30%         3    ####...
 Summon Scorpions         Summ/Pois      ##......     47%         4    #####..
 Venom Bolt               Conj/Pois      ##........   77%         5    ######.


Dungeon Overview and Level Annotations

Branches:
Dungeon (5/12)
 Temple: D:4-7

Altars:
Ashenzari
Kikubaaqudgha
Qazlal

Annotations:
D:4 1 runed door


Innate Abilities, Weirdness & Mutations

You are small and have problems with some larger weapons.
You have sharp toenails.
You are carnivorous and can eat meat at any time.
You are somewhat resistant to further mutation.
You passively map the area around you.


Message History

Firing (i - inventory)
C - 751 sling bullets (quivered)
Press: ? - help, Shift-Dir - straight line, f/p - centaur
Aim: a centaur, wielding a +0 shortbow and quivering 208 arrows (severely wounded, unusually agile)
You shoot a sling bullet.
The sling bullet hits the centaur but does no damage.
The centaur is severely wounded.
The centaur shoots an arrow.
The arrow misses you.
You hear a shout!
Firing (i - inventory)
C - 750 sling bullets (quivered)
Press: ? - help, Shift-Dir - straight line, f/p - centaur
Aim: a centaur, wielding a +0 shortbow and quivering 207 arrows (severely wounded, unusually agile)
You shoot a sling bullet.
The sling bullet closely misses the centaur.
The centaur shoots an arrow.
The arrow barely misses you.
The centaur shoots an arrow.
The arrow hits you!
* * * LOW HITPOINT WARNING * * *
Okay, then.
The centaur shoots an arrow.
The arrow hits you!
You die...
Kikubaaqudgha rasps: "You have failed me!
Welcome... death!"

########### ,
.....#.....
........... , *,
........... * *
.........=.
.########
.Y.o.oo.... *
.....(..######
.......<...
,......#......##
..........$ *
............(@# *
........... *
....(..c......###
...........
................#
*###.#?#####
................#
#.#.*
.................#
#,#.
.................#
** #.
.....####........#
* , **, ....#
##......... ** ,,,
... #(.....### ,


You could see a centaur.

Vanquished Creatures
  Prince Ribbit (D:5)
  Sigmund (D:3)
  The ghost of zoran the Ducker, an amateur OnAc (D:4)
  An orc warrior (D:4)
  A black bear (D:4)
  2 sky beasts
  A bullfrog (D:4)
  A kobold brigand (D:4)
  2 orc priests (D:4)
  2 howler monkeys (D:4)
  A crimson imp (D:4)
  An iron imp (D:4)
  An iguana (D:5)
  Ijyb (D:3)
  A worker ant (D:4)
  A howler monkey zombie (D:4)
  2 gnolls (D:4)
  5 adders
  An ooze (D:1)
  An adder skeleton (D:5)
  A worm (D:2)
  3 dart slugs
  3 leopard geckos
  8 orcs
  5 bats
  3 giant cockroaches
  3 goblins (D:1)
  9 hobgoblins
  8 jackals
  3 quokkas
  2 ball pythons (D:1)
  5 frilled lizards
  18 kobolds
  A quokka zombie (D:3)
  5 rats
105 creatures vanquished.

Vanquished Creatures (collateral kills)
  A gnoll (D:4)
1 creature vanquished.

Vanquished Creatures (others)
  A fungus (D:4)
  3 plants (D:4)
4 creatures vanquished.

Grand Total: 110 creatures vanquished

Notes
Turn   | Place    | Note
-------+----------+-------------------------------------------
     0 | D:1      | zoran the Kobold Venom Mage began the quest for the Orb.
     0 | D:1      | Reached XP level 1. HP: 11/11 MP: 3/3
    98 | D:1      | Reached XP level 2. HP: 17/17 MP: 1/5
   304 | D:1      | Reached skill level 1 in Conjurations
   514 | D:1      | Reached XP level 3. HP: 18/22 MP: 4/6
   642 | D:1      | Reached skill level 1 in Throwing
  1176 | D:2      | Reached skill level 1 in Fighting
  1176 | D:2      | Reached XP level 4. HP: 13/28 MP: 6/8
  1287 | D:2      | Found an ancient bone altar of Kikubaaqudgha.
  1303 | D:2      | Became a worshipper of Kikubaaqudgha
  1533 | D:2      | Noticed a sky beast
  1601 | D:2      | Killed a sky beast
  1602 | D:2      | Reached XP level 5. HP: 16/33 MP: 3/9
  1895 | D:3      | Got a serpentine ivory ring
  1954 | D:3      | Reached skill level 1 in Axes
  1975 | D:3      | Noticed a water elemental
  1977 | D:3      | Found a stormy altar of Qazlal.
  1978 | D:3      | Noticed Sigmund
  1983 | D:3      | Learned a level 2 spell: Poisonous Vapours
  1988 | D:3      | Noticed a fire elemental
  1988 | D:3      | Noticed an air elemental
  1990 | D:3      | Killed Sigmund
  1991 | D:3      | Reached skill level 1 in Armour
  1991 | D:3      | Reached skill level 1 in Necromancy
  1991 | D:3      | Reached XP level 6. HP: 39/39 MP: 1/10
  2033 | D:3      | Noticed Ijyb
  2062 | D:3      | Killed Ijyb
  2166 | D:3      | Reached XP level 7. HP: 45/45 MP: 6/11
  2180 | D:3      | Reached * piety under Kikubaaqudgha
  2180 | D:3      | Identified Kikubaaqudgha's Compendium of Sinister Arts
                  | (Kikubaaqudgha gifted it to you on level 3 of the Dungeon)
  2180 | D:3      | Received a gift from Kikubaaqudgha
  2196 | D:3      | Identified the cursed ring of Kacapt {Dex+3 Stlth--} (You
                  | found it on level 3 of the Dungeon)
  2267 | D:3      | Learned a level 1 spell: Necrotize
  2456 | D:3      | Found a shattered altar of Ashenzari.
  3167 | D:4      | Found a runed door.
  3231 | D:4      | Found a runed translucent gate.
  3231 | D:4      | Found a runed translucent gate.
  3231 | D:4      | Found a runed translucent gate.
  3231 | D:4      | Noticed zoran's ghost (amateur OnAc)
  3232 | D:4      | Identified the cursed +0 dagger of Insomnia {pain, +Blink
                  | rPois rC+ Int+3}
  3252 | D:4      | Reached skill level 1 in Maces & Flails
  3252 | D:4      | Reached skill level 1 in Slings
  3341 | D:4      | Reached skill level 1 in Air Magic
  3569 | D:4      | Reached XP level 8. HP: 32/50 MP: 8/12
  3668 | D:4      | Reached skill level 5 in Poison Magic
  3677 | D:4      | Reached skill level 4 in Stealth
  3730 | D:4      | Reached skill level 5 in Stealth
  4106 | D:4      | Reached skill level 6 in Stealth
  4106 | D:4      | Killed zoran's ghost
  4107 | D:4      | Reached skill level 7 in Stealth
  4215 | D:4      | Learned a level 2 spell: Corpse Rot
  4220 | D:5      | Entered Level 5 of the Dungeon
  4234 | D:4      | Reached skill level 8 in Stealth
  4317 | D:5      | Reached ** piety under Kikubaaqudgha
  4398 | D:5      | Noticed Prince Ribbit
  4422 | D:5      | Killed Prince Ribbit
  4423 | D:5      | Reached skill level 1 in Short Blades
  4423 | D:5      | Reached XP level 9. HP: 22/55 MP: 13/13
  4512 | D:5      | Shot with an arrow by a centaur

Skill      XL: |  1  2  3  4  5  6  7  8 |
---------------+-------------------------+-----
Conjurations   | 1 |  1.0
Throwing       | 1 2 3 4 |  4.8
Fighting       | 1 2 |  2.6
Dodging        | 3 |  3.3
Spellcasting   | 3 |  3.0
Axes           | 1 |  1.4
Armour         | 1 2 |  2.4
Necromancy     | 1 2 |  2.0
Poison Magic   | 4 5 |  5.0
Maces & Flails | 1 |  1.8
Slings         | 1 2 |  2.0
Air Magic      | 1 |  1.2
Stealth        | 8 |  8.6
Short Blades   | 1 |  1.4
Evocations     | |  0.1

Action                   |  1- 3 |  4- 6 |  7- 9 || total
-------------------------+-------+-------+-------++-------
Melee: Hand axe          |    51 |    30 |     1 ||    82
       Kick              |     9 |     2 |    24 ||    35
       Unarmed           |     1 |       |       ||     1
       Flail             |       |       |   103 ||   103
       Dagger            |       |       |    23 ||    23
 Fire: Hunting sling     |       |       |    37 ||    37
       Blowgun           |       |       |    12 ||    12
 Cast: Sting             |    54 |    35 |    36 ||   125
       Poisonous Vapours |       |     7 |    21 ||    28
       Necrotize         |       |       |     7 ||     7
       Corpse Rot        |       |       |     1 ||     1
Evoke: Wand              |       |       |     9 ||     9
  Use: Scroll            |       |     1 |     7 ||     8
 Stab: Sleeping          |       |       |     2 ||     2
  Eat: Chunk             |    11 |     6 |    11 ||    28
Armor: Robe              |     3 |       |    22 ||    25
       Leather armour    |     3 |     6 |       ||     9
Dodge: Dodged            |    70 |    47 |   195 ||   312
